[ AOE2 MATCH · #481204366 ]
UnrankedHuns vs Japanese
[ REPLAY ANALYSIS · EXTRACTED FROM THE RECORDED GAME ]
Feudal
—
Castle
—
Imperial
—
| APM avg | 27.1 |
| APM peak | 45 |
| eAPM avg | 4.3 |
| Villagers / military | 10 / 0 |
Focus
⚔️ 0.0% · 🌾 100.0%
Feudal
—
Castle
—
Imperial
—
| APM avg | 20.2 |
| APM peak | 41 |
| eAPM avg | 7.2 |
| Villagers / military | 18 / 0 |
Focus
⚔️ 5.0% · 🌾 95.0%
Feudal
—
Castle
—
Imperial
—
| APM avg | 9.9 |
| APM peak | 39 |
| eAPM avg | 4.3 |
| Villagers / military | 6 / 0 |
Focus
⚔️ 0.0% · 🌾 100.0%
Feudal
—
Castle
—
Imperial
—
| APM avg | 27.5 |
| APM peak | 62 |
| eAPM avg | 10.7 |
| Villagers / military | 18 / 0 |
Focus
⚔️ 3.1% · 🌾 96.9%
Feudal
—
Castle
—
Imperial
—
| APM avg | 5.0 |
| APM peak | 27 |
| eAPM avg | 2.2 |
| Villagers / military | 4 / 0 |
Focus
⚔️ 0.0% · 🌾 100.0%
Feudal
—
Castle
—
Imperial
—
| APM avg | 32.0 |
| APM peak | 45 |
| eAPM avg | 9.1 |
| Villagers / military | 20 / 0 |
Focus
⚔️ 14.5% · 🌾 85.5%
Feudal
—
Castle
—
Imperial
—
| APM avg | 45.6 |
| APM peak | 78 |
| eAPM avg | 10.2 |
| Villagers / military | 21 / 0 |
Focus
⚔️ 13.8% · 🌾 86.2%
Feudal
—
Castle
—
Imperial
—
| APM avg | 19.0 |
| APM peak | 25 |
| eAPM avg | 11.2 |
| Villagers / military | 29 / 0 |
Focus
⚔️ 6.2% · 🌾 93.8%
Match map
Initial resources + every placement click. Lines = walls · curves = elevation contours. ◆ gold · ⬟ stone · ● berries · ✦ relic · ◌ wall gap
Your base
scott.hurstell's base
福州洗头帮帮主's base
gdelo13's base
Barcode's base
PopySeed_[CuERvO]'s base
ULIVS96's base
RHMM16's base
Smoothed initial terrain · ◌ = detected wall gap · hover for details
Inputs per minute
— HoCkOnEr - - scott.hurstell
Build order — HoCkOnEr
11 actions detected in the replay
| 0:09 | Create | Villager (Male) |
| 0:09 | Create | Villager (Male) |
| 0:09 | Create | Villager (Male) |
| 0:09 | Create | Villager (Male) |
| 1:29 | Create | Villager (Male) |
| 2:12 | Create | Villager (Male) |
| 2:12 | Create | Villager (Male) |
| 2:46 | Create | Villager (Male) |
| 3:12 | Research | Loom |
| 3:32 | Create | Villager (Male) |
| 3:54 | Create | Villager (Male) |
Build order — scott.hurstell
27 actions detected in the replay
| 0:02 | Create | Villager (Male) |
| 0:02 | Create | Villager (Male) |
| 0:02 | Create | Villager (Male) |
| 0:03 | Create | Villager (Male) |
| 0:03 | Create | Villager (Male) |
| 0:06 | Build | House |
| 0:07 | Build | House |
| 0:08 | Build | House |
| 1:41 | Create | Villager (Male) |
| 2:14 | Create | Villager (Male) |
| 2:15 | Create | Villager (Male) |
| 2:20 | Build | Lumber Camp |
| 2:43 | Create | Villager (Male) |
| 2:45 | Research | Loom |
| 2:57 | Create | Villager (Male) |
| 3:57 | Create | Villager (Male) |
| 3:57 | Create | Villager (Male) |
| 4:37 | Create | Villager (Male) |
| 4:38 | Create | Villager (Male) |
| 5:03 | Build | House |
| 5:05 | Build | House |
| 5:06 | Build | House |
| 5:09 | Create | Villager (Male) |
| 5:42 | Create | Villager (Male) |
| 5:43 | Create | Villager (Male) |
| 5:54 | Build | Mill |
| 5:57 | Create | Villager (Male) |
Build order — 福州洗头帮帮主
9 actions detected in the replay
| 0:10 | Research | Loom |
| 0:11 | Create | Villager (Male) |
| 0:11 | Create | Villager (Male) |
| 0:12 | Create | Villager (Male) |
| 0:13 | Build | House |
| 0:14 | Build | House |
| 0:26 | Create | Villager (Male) |
| 0:27 | Create | Villager (Male) |
| 1:55 | Create | Villager (Male) |
Build order — gdelo13
23 actions detected in the replay
| 0:04 | Create | Villager (Male) |
| 0:05 | Create | Villager (Male) |
| 0:07 | Build | House |
| 0:09 | Build | House |
| 0:43 | Create | Villager (Male) |
| 0:43 | Create | Villager (Male) |
| 1:28 | Create | Villager (Male) |
| 2:12 | Create | Villager (Male) |
| 2:12 | Create | Villager (Male) |
| 2:50 | Create | Villager (Male) |
| 2:51 | Create | Villager (Male) |
| 3:07 | Create | Villager (Male) |
| 3:34 | Create | Villager (Male) |
| 3:43 | Create | Villager (Male) |
| 3:51 | Build | House |
| 3:52 | Build | House |
| 4:32 | Create | Villager (Male) |
| 4:54 | Create | Villager (Male) |
| 5:11 | Create | Villager (Male) |
| 5:38 | Create | Villager (Male) |
| 6:04 | Build | Mill |
| 6:07 | Create | Villager (Male) |
| 6:07 | Create | Villager (Male) |
Build order — Barcode
6 actions detected in the replay
| 1:28 | Build | House |
| 1:28 | Create | Villager (Male) |
| 1:48 | Create | Villager (Male) |
| 1:53 | Build | House |
| 1:56 | Create | Villager (Male) |
| 2:02 | Create | Villager (Male) |
Build order — PopySeed_[CuERvO]
26 actions detected in the replay
| 0:04 | Build | House |
| 0:08 | Build | House |
| 0:12 | Create | Villager (Male) |
| 0:12 | Create | Villager (Male) |
| 0:12 | Create | Villager (Male) |
| 0:13 | Create | Villager (Male) |
| 0:13 | Create | Villager (Male) |
| 1:35 | Create | Villager (Male) |
| 1:35 | Create | Villager (Male) |
| 2:26 | Create | Villager (Male) |
| 2:26 | Create | Villager (Male) |
| 2:27 | Create | Villager (Male) |
| 2:57 | Research | Loom |
| 3:23 | Research | Wheelbarrow |
| 3:27 | Build | House |
| 4:19 | Create | Villager (Male) |
| 4:36 | Build | Lumber Camp |
| 4:57 | Create | Villager (Male) |
| 4:57 | Create | Villager (Male) |
| 4:57 | Create | Villager (Male) |
| 6:12 | Create | Villager (Male) |
| 6:12 | Create | Villager (Male) |
| 6:13 | Create | Villager (Male) |
| 6:13 | Create | Villager (Male) |
| 6:13 | Create | Villager (Male) |
| 6:13 | Create | Villager (Male) |
Build order — ULIVS96
25 actions detected in the replay
| 0:04 | Build | House |
| 0:06 | Build | House |
| 0:07 | Build | House |
| 0:08 | Create | Villager (Male) |
| 0:09 | Create | Villager (Male) |
| 0:09 | Create | Villager (Male) |
| 0:09 | Create | Villager (Male) |
| 0:10 | Create | Villager (Male) |
| 1:43 | Create | Villager (Male) |
| 1:44 | Create | Villager (Male) |
| 2:11 | Create | Villager (Male) |
| 2:12 | Create | Villager (Male) |
| 2:35 | Create | Villager (Male) |
| 2:57 | Create | Villager (Male) |
| 3:31 | Create | Villager (Male) |
| 4:01 | Create | Villager (Male) |
| 4:01 | Create | Villager (Male) |
| 4:02 | Create | Villager (Male) |
| 4:35 | Create | Villager (Male) |
| 4:41 | Build | House |
| 5:30 | Create | Villager (Male) |
| 5:31 | Create | Villager (Male) |
| 6:03 | Create | Villager (Male) |
| 6:03 | Create | Villager (Male) |
| 6:03 | Create | Villager (Male) |
Build order — RHMM16
34 actions detected in the replay
| 0:03 | Create | Villager (Male) |
| 0:03 | Create | Villager (Male) |
| 0:04 | Create | Villager (Male) |
| 0:04 | Create | Villager (Male) |
| 0:06 | Build | House |
| 0:08 | Build | House |
| 1:37 | Create | Villager (Male) |
| 1:37 | Create | Villager (Male) |
| 2:07 | Create | Villager (Male) |
| 2:07 | Create | Villager (Male) |
| 2:32 | Create | Villager (Male) |
| 2:32 | Create | Villager (Male) |
| 2:37 | Build | House |
| 2:39 | Build | House |
| 3:05 | Create | Villager (Male) |
| 3:06 | Create | Villager (Male) |
| 3:40 | Build | Mill |
| 3:52 | Create | Villager (Male) |
| 3:52 | Create | Villager (Male) |
| 4:13 | Create | Villager (Male) |
| 4:13 | Create | Villager (Male) |
| 4:27 | Create | Villager (Male) |
| 4:27 | Create | Villager (Male) |
| 4:47 | Create | Villager (Male) |
| 4:48 | Create | Villager (Male) |
| 4:53 | Create | Villager (Male) |
| 4:54 | Create | Villager (Male) |
| 5:10 | Create | Villager (Male) |
| 5:11 | Create | Villager (Male) |
| 5:11 | Create | Villager (Male) |
| 5:52 | Create | Villager (Male) |
| 5:52 | Create | Villager (Male) |
| 5:53 | Create | Villager (Male) |
| 5:53 | Create | Villager (Male) |
Match timeline
| 2:11 | Barcode · resign |
[ AI ANALYSIS · 1 CREDIT ]
What really happened in this match?
Wolo.gg analyzes every decision: build order, eco, micro, common mistakes by bracket. Personalized analysis on WhatsApp or Discord in 30 seconds.
Civ guide
Huns
Perfil
Jugador #12879372